 Dungeon Crawl Stone Soup version 0.28-a0-1429-gf3d713df7a (webtiles) character file.

Game seed: 4627377211626617845

21354 Gargoyl the Fighter (level 12, -22/97 HPs)
             Began as a Gnoll Abyssal Knight on Jan 8, 2022.
             Was the Champion of Lugonu.
             Killed from afar by a bog body (34 damage)
             ... with a bolt of cold
             ... on level 2 of the Lair of Beasts.
             The game lasted 00:21:05 (18553 turns).

Gargoyl the Fighter (Gnoll Abyssal Knight)         Turns: 18553, Time: 00:21:06

Health: -22/97     AC: 29    Str: 23    XL:     12   Next: 89%
Magic:  21/21      EV: 11    Int: 11    God:    Lugonu [******]
Gold:   1572       SH: 15    Dex: 16    Spells: 26/26 levels left

rFire   + . .      SeeInvis +   k - +3 dagger (venom)
rCold   . . .      Faith    .   u - +0 buckler
rNeg    . . .      Spirit   .   D - +0 crystal plate armour
rPois   .          Reflect  +   n - +0 helmet
rElec   .          Harm     +   L - +2 cloak
rCorr   .          Rampage  .   d - +1 pair of gloves
Will    .....                   l - +1 pair of boots "Vaygos" {Harm rF+ Dex+4 SInv}
Stlth   ..........              B - amulet of reflection
HPRegen 0.26/turn               m - +6 ring of strength
MPRegen 0.17/turn               t - +4 ring of evasion

@: lethally poisoned (-22 -> -25)
A: fangs 1, strong nose, distributed training, large bone plates 1, low mp 1
a: Renounce Religion, Depart the Abyss, Bend Space, Banish, Corrupt, Enter the
Abyss, Brand Weapon With Distortion


You were on level 2 of the Lair of Beasts.
You worshipped Lugonu.
Lugonu was exalted by your worship.
You visited 2 branches of the dungeon, and saw 13 of its levels.
You visited the Abyss 1 time.
You also visited: Bailey and Ice Cave.

You collected 2702 gold pieces.
You spent 1130 gold pieces at shops.

Inventory:

Hand Weapons
 g - a +3 war axe
 k - a +3 dagger of venom (weapon)
 E - a +3 hand axe
 J - a +5 falchion
Missiles
 r - 3 throwing nets
Armour
 d - a +1 pair of gloves (worn)
 l - the +1 pair of boots "Vaygos" (worn) {Harm rF+ Dex+4 SInv}
   (You acquired it on level 3 of the Dungeon)

   Dex:       It affects your dexterity (+4).
   rF:        It protects you from fire.
   SInv:      It lets you see invisible.
   Harm:      It increases damage dealt and taken.
 n - a +0 helmet (worn)
 u - a +0 buckler (worn)
 D - a +0 crystal plate armour (worn)
 L - a +2 cloak (worn)
 R - the +0 cloak of the Frog {Fly}
   (You found it in an ice cave)

   Fly:       It grants you flight.
Jewellery
 m - a +6 ring of strength (left hand)
 o - a ring of flight
 t - a +4 ring of evasion (right hand)
 x - a ring of positive energy
 z - a ring of poison resistance
 B - an amulet of reflection (around neck)
 I - a ring of magical power
 N - an amulet of faith
 P - a +6 ring of strength
 Q - the ring "Rotatoth" {Ice Will++}
   (You found it on level 1 of the Lair of Beasts)

   [ring of ice]

   It enhances your ice magic.
   rF:        It makes you vulnerable to fire.
   rC:        It protects you from cold.
   Will:      It greatly increases your willpower.
Wands
 a - a wand of polymorph (7)
 q - a wand of mindburst (3)
 v - a wand of charming (4)
 A - a wand of iceblast (14)
 K - a wand of flame (22)
Scrolls
 h - 2 scrolls of teleportation
 y - 3 scrolls of fog
 G - a scroll of fear
 T - a scroll of silence
 U - 2 scrolls of identify
Potions
 b - 2 potions of might
 c - 4 potions of flight
 e - 2 potions of mutation
 f - 2 potions of cancellation
 i - 5 potions of heal wounds
 j - a potion of berserk rage
 p - 3 potions of brilliance
 s - 5 potions of lignification
 w - 4 potions of curing
 C - a potion of ambrosia
 F - a potion of magic
 H - a potion of invisibility {unknown}
 M - a potion of experience {unknown}
 S - a potion of resistance {unknown}
Miscellaneous
 O - a lightning rod (4/4)


   Skills:
 + Level 10.2 Fighting
 + Level 7.7 Short Blades
 + Level 7.7 Long Blades
 + Level 9.0 Axes
 + Level 7.7 Maces & Flails
 + Level 7.7 Polearms
 + Level 7.7 Staves
 + Level 7.7 Slings
 + Level 7.7 Bows
 + Level 7.7 Crossbows
 + Level 7.7 Throwing
 + Level 9.0 Armour
 + Level 8.2 Dodging
 + Level 7.7 Stealth
 + Level 7.7 Shields
 + Level 7.7 Unarmed Combat
 + Level 7.7 Spellcasting
 + Level 6.4 Conjurations
 + Level 6.4 Hexes
 + Level 6.4 Summonings
 + Level 6.4 Necromancy
 + Level 6.4 Translocations
 + Level 6.4 Transmutations
 + Level 6.4 Fire Magic
 + Level 6.4 Ice Magic
 + Level 6.4 Air Magic
 + Level 6.4 Earth Magic
 + Level 6.4 Poison Magic
 + Level 9.7 Invocations
 + Level 7.7 Evocations


You had 26 spell levels left.
You didn't know any spells.
Your spell library contained the following spells:

 Spells                   Type           Power      Damage    Failure   Level
 Animate Skeleton         Necr           36%        N/A       69%         1
 Apportation              Tloc           36%        N/A       69%         1
 Pain                     Necr           72%        1d7       69%         1
 Sting                    Tmut/Pois      72%        1d6       69%         1
 Summon Small Mammal      Summ           72%        N/A       69%         1
 Passwall                 Tmut/Erth      15%        N/A       83%         2
 Poisonous Vapours        Pois/Air       36%        N/A       83%         2
 Swiftness                Air            18%        N/A       96%         3
 Vampiric Draining        Necr           18%        2d7       96%         3
 Olgreb's Toxic Radiance  Pois           18%        N/A       100%        4
 Lehudib's Crystal Spear  Conj/Erth      9%         10d4      100%        8
 Fire Storm               Conj/Fire      9%         8d2       100%        9


Dungeon Overview and Level Annotations

Branches:
Dungeon (11/15)            Temple (0/1) D:4            Lair (2/6) D:10
  Swamp (0/4) Lair:2          Orc (0/2) D:10         Bailey (visited)
  IceCv (visited)
 Shoals: Lair:2-4     Snake: Lair:2-4    Spider: Lair:2-4

Altars:
Kikubaaqudgha
Makhleb
Qazlal
Trog
Vehumet
Xom
The Shining One
Beogh

Shops:
D:4 *   D:7 *


Innate Abilities, Weirdness & Mutations

You have very sharp teeth.
Your uncanny sense of smell can sniff out nearby items.
Your experience applies equally to all skills.
You are partially covered in large bone plates. (SH +4)
Your magical capacity is low. (-10% MP)


Message History

You are poisoned.
The black mamba poisons you! The bog body barely misses you.
Unknown command.
You hit the black mamba.
You kill the black mamba!
Lugonu accepts your kill.
You feel very sick. The bog body completely misses you.
You hit the bog body.
The bog body is lightly damaged.
You feel sick.
You hit the bog body.
The bog body is moderately damaged.
You feel sick. The bog body touches you. The bog body freezes you!
You hit the bog body. Your bite misses the bog body.
The bog body is heavily damaged.
You feel sick. You block the bog body's attack.
You hit the bog body.
The bog body is heavily damaged.
You feel sick.
You barely miss the bog body.
The bog body is heavily damaged.
You feel sick. The bog body casts a spell at you. The bolt of cold hits you!
You hit the bog body.
The bog body is heavily damaged.
You feel sick.
You puncture the bog body!
The bog body is almost destroyed.
You feel sick.
The bog body gestures at you while chanting.
The bolt of cold hits you!
* * * LOW HITPOINT WARNING * * *
You completely miss the bog body.
The bog body is almost destroyed.
You feel sick.
The bog body gestures at you while chanting.
The bolt of cold hits you!!
You die...

##..P### #####
###...# ##....##
####P..#.#
#.P#.+##.###
#..........#
#..........#
####.........+
#PP.@..^......
#P.....n.........
.....#..........P
.###......♣§♣§...
####..≈§§§§§..
#..♣§§≈§§
#..≈♣§§≈§ ##..
≈§.


You could see a bog body.

Vanquished Creatures
  An orc warlord (Bailey)
  3 hydras
  3 boulder beetles
  4 two-headed ogres
  A tengu warrior (D:10)
  A manticore (D:11)
  An ugly thing (D:10)
  A gargoyle (D:11)
  A black mamba (Lair:2)
  3 cane toads (Lair:1)
  2 unseen horrors
  2 komodo dragons
  A freezing wraith (IceCv)
  3 polar bears
  A troll (D:10)
  A wraith (D:11)
  A wyvern (D:11)
  3 shadows
  5 yaks
  2 basilisks
  2 vampire mosquitoes (D:11)
  A steam dragon (D:7)
  Menkaure (D:6)
  4 water moccasins
  11 orc warriors
  A hornet zombie (D:8)
  An ice beast (D:8)
  3 black bears
  2 necrophages
  2 ogres
  3 wolves (Lair:1)
  4 centaurs
  A kobold brigand (D:9)
  4 bullfrogs
  2 gnoll sergeants
  A wyvern skeleton (D:7)
  2 water moccasin skeletons
  16 killer bees
  2 elephant simulacra (IceCv)
  8 wights
  A vampire bat (D:11)
  2 howler monkeys
  7 centaur zombies
  3 orc priests
  2 jellies
  A gnoll shaman (D:8)
  A centaur skeleton (D:7)
  2 hounds
  2 bullfrog skeletons
  Ijyb (D:5)
  3 iguanas
  Terence (D:3)
  10 orc wizards
  3 polar bear simulacra (IceCv)
  A killer bee zombie (D:5)
  3 hound skeletons (D:4)
  Robin (D:4)
  4 adders
  23 gnolls
  A shadow imp (D:7)
  13 white imps
  3 ufetubi
  2 adder skeletons (D:4)
  3 worms
  3 dart slugs (D:1)
  48 orcs
  11 ball pythons
  4 endoplasms
  10 giant cockroaches
  16 hobgoblins
  2 jackals (D:1)
  5 quokkas
  10 bats
  10 frilled lizards
  15 goblins
  26 kobolds
  9 rats
373 creatures vanquished.

Vanquished Creatures (others)
  12 fungi
  11 plants
23 creatures vanquished.

Grand Total: 396 creatures vanquished

Notes
Turn   | Place    | Note
-------+----------+-------------------------------------------
     0 | Abyss:1  | Gargoyl the Gnoll Abyssal Knight began the quest for the
                  | Orb.
     0 | Abyss:1  | Reached XP level 1. HP: 23/23 MP: 3/3
     0 | D:1      | Escaped the Abyss
   221 | D:1      | Reached XP level 2. HP: 24/29 MP: 5/5
   295 | D:1      | Found a faded altar of an unknown god.
   410 | D:1      | Reached * piety under Lugonu
   686 | D:1      | Reached XP level 3. HP: 33/35 MP: 6/6
  1365 | D:2      | Identified a scroll of acquirement
  1365 | D:2      | Acquired 1067 gold pieces
  1516 | D:2      | Reached skill level 1 in Short Blades
  1516 | D:2      | Reached skill level 1 in Long Blades
  1516 | D:2      | Reached skill level 1 in Maces & Flails
  1516 | D:2      | Reached skill level 1 in Polearms
  1516 | D:2      | Reached skill level 1 in Staves
  1516 | D:2      | Reached skill level 1 in Slings
  1516 | D:2      | Reached skill level 1 in Bows
  1516 | D:2      | Reached skill level 1 in Crossbows
  1516 | D:2      | Reached skill level 1 in Throwing
  1516 | D:2      | Reached skill level 1 in Stealth
  1516 | D:2      | Reached skill level 1 in Shields
  1516 | D:2      | Reached skill level 1 in Unarmed Combat
  1516 | D:2      | Reached skill level 1 in Spellcasting
  1516 | D:2      | Reached skill level 1 in Evocations
  1577 | D:2      | Reached XP level 4. HP: 41/41 MP: 7/7
  1579 | D:2      | Reached ** piety under Lugonu
  2271 | D:3      | Noticed Terence
  2273 | D:3      | Noticed an earth elemental
  2284 | D:3      | Killed Terence
  2285 | D:3      | Reached skill level 1 in Conjurations
  2285 | D:3      | Reached skill level 1 in Hexes
  2285 | D:3      | Reached skill level 1 in Summonings
  2285 | D:3      | Reached skill level 1 in Necromancy
  2285 | D:3      | Reached skill level 1 in Translocations
  2285 | D:3      | Reached skill level 1 in Transmutations
  2285 | D:3      | Reached skill level 1 in Fire Magic
  2285 | D:3      | Reached skill level 1 in Ice Magic
  2285 | D:3      | Reached skill level 1 in Air Magic
  2285 | D:3      | Reached skill level 1 in Earth Magic
  2285 | D:3      | Reached skill level 1 in Poison Magic
  2487 | D:3      | Acquired the +1 pair of boots "Vaygos" {Harm rF+ Dex+4
                  | SInv}
  2507 | D:3      | Reached XP level 5. HP: 46/47 MP: 8/8
  2515 | D:3      | Noticed a fire elemental
  2598 | D:3      | Found a stormy altar of Qazlal.
  2600 | D:3      | Noticed an air elemental
  2600 | D:3      | Noticed a water elemental
  2761 | D:4      | Gained mutation: Your magical capacity is low. (-10% MP)
                  | [potion of mutation]
  2761 | D:4      | Gained mutation: You are partially covered in large bone
                  | plates. (SH +4) [potion of mutation]
  2871 | D:4      | Reached skill level 5 in Invocations
  2871 | D:4      | Reached XP level 6. HP: 43/53 MP: 8/8
  3071 | D:4      | Found Uxedd's Assorted Antiques.
  3090 | D:4      | Bought a knobbly diamond ring for 155 gold pieces
  3120 | D:4      | Noticed Robin
  3136 | D:4      | Reached *** piety under Lugonu
  3137 | D:4      | Reached skill level 5 in Axes
  3137 | D:4      | Reached skill level 5 in Armour
  3168 | D:4      | Killed Robin
  3215 | D:4      | Found a staircase to the Ecumenical Temple.
  4148 | D:5      | Entered Level 5 of the Dungeon
  4160 | D:5      | Reached XP level 7. HP: 56/59 MP: 9/9
  4315 | D:5      | Reached skill level 7 in Fighting
  4394 | D:5      | Noticed Ijyb
  4401 | D:5      | Killed Ijyb
  4587 | D:5      | Found a burning altar of Makhleb.
  4881 | D:5      | Got Asmodeus's Handbook of Confrontation and the Blaze
  5027 | D:5      | Noticed an unseen horror
  5045 | D:5      | Killed an unseen horror
  5046 | D:5      | Reached XP level 8. HP: 65/67 MP: 11/11
  5099 | D:5      | Found a bloodstained altar of Trog.
  5415 | D:6      | Noticed Menkaure
  5439 | D:6      | Killed Menkaure
  5923 | D:5      | Reached XP level 9. HP: 55/72 MP: 13/13
  6008 | D:6      | Reached **** piety under Lugonu
  6378 | D:6      | Found a shimmering altar of Xom.
  7308 | D:7      | Reached skill level 5 in Dodging
  7443 | D:7      | Found a glowing golden altar of the Shining One.
  7755 | D:7      | Found Zatun's Lightly-Used Armoury.
  7760 | D:7      | Identified the +12 hunting sling of Abuse {flame, Dex+4}
  7780 | D:7      | Bought a -1 crystal plate armour for 975 gold pieces
  7867 | D:7      | Noticed an unseen horror
  7886 | D:7      | Reached skill level 8 in Fighting
  7899 | D:7      | Killed an unseen horror
  8601 | D:8      | Reached XP level 10. HP: 61/80 MP: 15/15
  8609 | D:8      | Found an ancient bone altar of Kikubaaqudgha.
  9134 | D:8      | Reached skill level 5 in Short Blades
  9134 | D:8      | Reached skill level 5 in Long Blades
  9134 | D:8      | Reached skill level 5 in Maces & Flails
  9134 | D:8      | Reached skill level 5 in Polearms
  9134 | D:8      | Reached skill level 5 in Staves
  9134 | D:8      | Reached skill level 5 in Slings
  9134 | D:8      | Reached skill level 5 in Bows
  9134 | D:8      | Reached skill level 5 in Crossbows
  9134 | D:8      | Reached skill level 5 in Throwing
  9134 | D:8      | Reached skill level 5 in Stealth
  9134 | D:8      | Reached skill level 5 in Shields
  9134 | D:8      | Reached skill level 5 in Unarmed Combat
  9134 | D:8      | Reached skill level 5 in Spellcasting
  9134 | D:8      | Reached skill level 5 in Evocations
  9945 | D:9      | Reached ***** piety under Lugonu
 10245 | D:9      | Found a flagged portal.
 10334 | Bailey   | Entered a bailey
 10468 | Bailey   | Noticed an orc warlord
 10565 | Bailey   | Found a runed translucent gate.
 10566 | Bailey   | Found a runed translucent gate.
 10568 | Bailey   | Found a runed translucent gate.
 10851 | Bailey   | Killed an orc warlord
 11198 | Bailey   | Identified the +2 hand crossbow "Saipt" {speed, rC+ Will+
                  | rCorr Stlth+}
 11209 | D:9      | Acquired 704 gold pieces
 11540 | D:10     | Entered Level 10 of the Dungeon
 11543 | D:10     | Identified the +1 ring mail of Card Tricks {rF+}
 11559 | D:10     | Found a staircase to the Orcish Mines.
 12056 | D:10     | Reached XP level 11. HP: 79/87 MP: 17/17
 12228 | D:10     | Reached skill level 9 in Fighting
 12427 | D:10     | Noticed a two-headed ogre
 12439 | D:10     | Killed a two-headed ogre
 12440 | D:10     | Reached skill level 5 in Conjurations
 12440 | D:10     | Reached skill level 5 in Hexes
 12440 | D:10     | Reached skill level 5 in Summonings
 12440 | D:10     | Reached skill level 5 in Necromancy
 12440 | D:10     | Reached skill level 5 in Translocations
 12440 | D:10     | Reached skill level 5 in Transmutations
 12440 | D:10     | Reached skill level 5 in Fire Magic
 12440 | D:10     | Reached skill level 5 in Ice Magic
 12440 | D:10     | Reached skill level 5 in Air Magic
 12440 | D:10     | Reached skill level 5 in Earth Magic
 12440 | D:10     | Reached skill level 5 in Poison Magic
 12579 | D:10     | Found a staircase to the Lair.
 12609 | D:10     | Found a radiant altar of Vehumet.
 12633 | D:10     | Identified the +7 scale mail "Kec Howuehu" {Drain rPois
                  | Int+6 Dex-4}
 13313 | D:11     | Noticed a two-headed ogre
 13336 | D:11     | Killed a two-headed ogre
 13697 | D:11     | Noticed a two-headed ogre
 13706 | D:11     | Killed a two-headed ogre
 13895 | D:11     | Noticed an eight-headed hydra
 13895 | D:11     | Noticed a two-headed ogre
 13896 | D:11     | Noticed a tengu warrior
 13916 | D:11     | Noticed a red ugly thing
 13924 | D:11     | Killed an eight-headed hydra
 13937 | D:11     | Noticed a manticore
 13940 | D:11     | Killed a two-headed ogre
 14291 | D:10     | Killed a tengu warrior
 14311 | D:10     | Killed a red ugly thing
 14743 | D:11     | Reached XP level 12. HP: 80/96 MP: 20/20
 14857 | D:11     | Noticed a boulder beetle
 14878 | D:11     | Killed a boulder beetle
 15464 | D:11     | Noticed a boulder beetle
 15482 | D:11     | Killed a boulder beetle
 16023 | Lair:1   | Entered Level 1 of the Lair of Beasts
 16573 | Lair:1   | Identified the ring "Rotatoth" {Ice Will++}
 17537 | Lair:1   | Reached skill level 10 in Fighting
 17655 | Lair:2   | Found a frozen archway.
 17665 | Lair:2   | Reached ****** piety under Lugonu
 17694 | IceCv    | Entered an ice cave
 17928 | IceCv    | Identified the +0 cloak of the Frog {Fly}
 18123 | Lair:2   | Noticed a boulder beetle
 18139 | Lair:2   | Killed a boulder beetle
 18153 | Lair:2   | Noticed a four-headed hydra
 18180 | Lair:2   | Killed a four-headed hydra
 18390 | Lair:2   | Noticed a five-headed hydra
 18409 | Lair:2   | Killed a five-headed hydra
 18533 | Lair:2   | Found a staircase to the Swamp.
 18553 | Lair:2   | Killed from afar by a bog body

Illustrated notes

Levels and vault maps discovered:
D:1:      ncdulo_smallfort, layout_loops_corners,
          nicolae_ecumenical_snake_handling, minmay_split_cup_large
D:2:      layout_loops_corners, minmay_lizard_pond
D:3:      layout_rooms, nicolae_qazlal_style_of_elements, minmay_misc_feat_rows,
          uniq_terence
D:4:      layout_basic, minmay_temple_entry_large_hall, serial_shops,
          nicolae_diamond_shop, uniq_robin
D:5:      layout_gridville, lemuel_round_altar, trog_book, uniq_ijyb
D:6:      layout_rooms, mainiacjoe_overflow_boulevard, gup_sewer_entry_pipe,
          uniq_menkaure
D:7:      minmay_razor_zed, layout_basic, mainiacjoe_overflow_alcove_4,
          minmay_shop_damaged
D:8:      layout_loops_corners, kiku_gazebo_pond_becter
D:9:      layout_rooms, special_room [special_room_orc], enter_bailey_2
D:10:     layout_cave_pods, lemuel_round_altar, grunt_lair_entry_orc_guard_hut,
          david_orc_2
D:11:     layout_loops_corners, roderic_batcave, grunt_potential
Lair:1:   layout_chaotic_city, gauntlet_entry_generic
Lair:2:   layout_roguey, skrybe_swamp_entry_bodies, spider_nest_entry_rubble,
          portal_ice_cave_entry_imps

Skill      XL: |  1  2  3  4  5  6  7  8  9 10 11 12 |
---------------+-------------------------------------+-----
Short Blades   | 1 2 3 4 5 6 7 |  7.7
Long Blades    | 1 2 3 4 5 6 7 |  7.7
Maces & Flails | 1 2 3 4 5 6 7 |  7.7
Polearms       | 1 2 3 4 5 6 7 |  7.7
Staves         | 1 2 3 4 5 6 7 |  7.7
Slings         | 1 2 3 4 5 6 7 |  7.7
Bows           | 1 2 3 4 5 6 7 |  7.7
Crossbows      | 1 2 3 4 5 6 7 |  7.7
Throwing       | 1 2 3 4 5 6 7 |  7.7
Stealth        | 1 2 3 4 5 6 7 |  7.7
Shields        | 1 2 3 4 5 6 7 |  7.7
Unarmed Combat | 1 2 3 4 5 6 7 |  7.7
Spellcasting   | 1 2 3 4 5 6 7 |  7.7
Evocations     | 1 2 3 4 5 6 7 |  7.7
Conjurations   | 1 2 3 4 5 6 |  6.4
Hexes          | 1 2 3 4 5 6 |  6.4
Summonings     | 1 2 3 4 5 6 |  6.4
Necromancy     | 1 2 3 4 5 6 |  6.4
Translocations | 1 2 3 4 5 6 |  6.4
Transmutations | 1 2 3 4 5 6 |  6.4
Fire Magic     | 1 2 3 4 5 6 |  6.4
Ice Magic      | 1 2 3 4 5 6 |  6.4
Air Magic      | 1 2 3 4 5 6 |  6.4
Earth Magic    | 1 2 3 4 5 6 |  6.4
Poison Magic   | 1 2 3 4 5 6 |  6.4
Dodging        | 3 4 5 6 7 8 |  8.2
Invocations    | 5 6 7 8 9 |  9.7
Axes           | 5 6 7 8 9 |  9.0
Armour         | 5 6 7 8 9 |  9.0
Fighting       | 7 8 9 10 | 10.2

Action                   |  1- 3 |  4- 6 |  7- 9 | 10-12 || total
-------------------------+-------+-------+-------+-------++-------
Melee: Hand axe          |    73 |       |       |     8 ||    81
       Bite              |     6 |    40 |    63 |   253 ||   362
       Punch             |     1 |     5 |     9 |       ||    15
       Dagger            |    22 |   259 |   429 |  1310 ||  2020
       War axe           |       |       |       |    46 ||    46
Invok: Depart the Abyss  |     1 |       |       |       ||     1
       Bend Space        |       |       |     1 |     1 ||     2
Evoke: Wand              |       |       |     3 |     4 ||     7
  Use: Scroll            |     4 |     4 |     7 |    12 ||    27
       Potion            |       |     1 |       |     1 ||     2
Armor: Leather armour    |    19 |       |       |       ||    19
       Scale mail        |    18 |       |       |       ||    18
       Chain mail        |    14 |    22 |       |       ||    36
       Plate armour      |       |   141 |   168 |       ||   309
       Crystal plate arm |       |       |    20 |   449 ||   469
Dodge: Dodged            |    46 |    72 |   200 |   327 ||   645
Block: Other             |       |    35 |    38 |       ||    73
       Buckler           |       |       |   127 |   830 ||   957
       Reflection        |       |       |     2 |    28 ||    30

Table legend: (Time is in decaauts)
 A = Elapsed time spent in this place.
 B = Non-inter-level travel time spent in this place.
 C = Inter-level travel time spent in this place.
 D = Time resting spent in this place.
 E = Time spent auto-exploring this place.
 F = Levels seen in this place.
 G = Mean time per level.
                   A        B        C        D        E       F      G
               +--------+--------+--------+--------+--------+-----+--------+
         Total |  18151 |  17643 |    508 |   3018 |  10732 |  16 | 1134.4 |
       Dungeon |  15045 |  14537 |    508 |   2213 |   9244 |  11 | 1367.7 |
          Lair |   1974 |   1974 |      0 |    148 |   1462 |   2 |  987.0 |
         Abyss |      0 |      0 |      0 |      0 |      0 |   1 |    0.0 |
        Bailey |    865 |    865 |      0 |    471 |     26 |   1 |  865.0 |
      Ice Cave |    266 |    266 |      0 |    186 |      0 |   1 |  266.0 |
               +--------+--------+--------+--------+--------+-----+--------+

Top non-repeatable levels by time:
    D:10: 2276 daAuts
    D:11: 2009 daAuts
     D:5: 1767 daAuts
     D:7: 1507 daAuts
     D:8: 1490 daAuts
     D:4: 1374 daAuts
     D:1: 1366 daAuts
  Lair:1: 1347 daAuts
     D:9: 974 daAuts
     D:2: 905 daAuts
     D:6: 888 daAuts
  Bailey: 865 daAuts
  Lair:2: 627 daAuts
     D:3: 484 daAuts
   IceCv: 266 daAuts
